 Dungeon Crawl Stone Soup version 0.21.0 (webtiles) character file.

1111 inmateoo the Skirmisher (level 7, -3/66 HPs)
             Began as a Demigod Assassin on Jan 8, 2018.
             Slain by an ogre
             ... wielding a +0 giant spiked club
              (27 damage)
             ... on level 4 of the Dungeon.
             The game lasted 00:08:53 (6322 turns).

inmateoo the Skirmisher (Demigod Assassin)          Turns: 6322, Time: 00:08:53

Health: -3/66      AC:  9    Str: 18    XL:     7   Next: 86%
Magic:  9/9        EV: 10    Int: 18    God:
Gold:   261        SH:  0    Dex: 17    Spells: 6/6 levels left

rFire    + . .     SeeInvis .   k - +3 whip of the Thirsty Dances {pain, Int+3} (curse)
rCold    + . .     Gourm    .   (no shield)
rNeg     . . .     Faith    .   i - +0 ring mail
rPois    .         Spirit   .   (no helmet)
rElec    .         Reflect  .   d - +1 cloak
rCorr    .         Harm     .   l - +0 pair of gloves
MR       .....                  p - +0 pair of boots
Stlth    ++........             (no amulet)
HPRegen  0.21/turn              r - ring of protection from cold
MPRegen  0.11/turn              w - ring of protection from fire

@: no status effects
A: high mp 1
a: no special abilities


You were on level 4 of the Dungeon.
You were very hungry.

You visited 1 branch of the dungeon, and saw 7 of its levels.

You collected 261 gold pieces.

Inventory:

Hand Weapons
 a - a +3 dagger
 b - a +0 blowgun
 h - a cursed -3 rapier
 k - the cursed +3 whip of the Thirsty Dances (weapon) {pain, Int+3}
   (You found it on level 7 of the Dungeon)

   In the hands of one skilled in necromantic magic, it inflicts extra damage on
   living creatures.
   It affects your intelligence (+3).
   It has a curse placed upon it.
 o - a cursed -3 spear
 q - a +2 dagger of venom
 s - a +2 falchion of holy wrath
 t - a +2 short sword of venom
 A - a +0 dagger of electrocution
 B - the +10 morningstar "Eos" {elec, Halo rElec}
   (You found it on level 5 of the Dungeon)

   Occasionally, upon striking a foe, it will discharge some electrical energy
   and cause terrible harm.
   It insulates you from electricity.
Missiles
 e - 8 poisoned needles
 f - 2 curare-tipped needles
Armour
 d - a +1 cloak (worn)
 i - a +0 ring mail (worn)
 l - a +0 pair of gloves (worn)
 p - a +0 pair of boots (worn)
Jewellery
 r - a ring of protection from cold (left hand)
 w - a ring of protection from fire (right hand)
Wands
 u - a wand of enslavement (13)
Scrolls
 c - a scroll of magic mapping
 x - 2 scrolls of enchant weapon
 y - a scroll of amnesia
Potions
 j - 2 potions of haste {unknown}
 m - 2 potions of heal wounds
 n - a potion of lignification {unknown}
 v - 2 potions of agility {unknown}
 z - a potion of flight {unknown}
Comestibles
 g - 9 rations


   Skills:
 - Level 7.1 Fighting
 - Level 1.7(3.5) Short Blades
 - Level 4.9(5.0) Long Blades
 * Level 1.2 Maces & Flails
 - Level 1.7 Throwing
 - Level 0.8 Dodging
 - Level 3.6 Stealth


You had 6 spell levels left.
You didn't know any spells.

Dungeon Overview and Level Annotations

Branches:
Dungeon (7/15)             Temple (0/1) D:5


Innate Abilities, Weirdness & Mutations

You have an increased reservoir of magic. (+10% MP)


Message History

Unknown command.
Unknown command.
You hit the ogre.
The ogre is lightly wounded.
The ogre closely misses you.
You hit the ogre but do no damage.
The ogre is lightly wounded.
The ogre barely misses you.
You whack the ogre!
The ogre is heavily wounded.
You hit the ogre.
The ogre is heavily wounded.
The ogre hits you with a giant spiked club!
You hit the ogre but do no damage.
The ogre is heavily wounded.
The ogre hits you with a giant spiked club!!
You completely miss the ogre.
The ogre is heavily wounded.
The ogre hits you with a giant spiked club!!
You die...

.# #.##.......##..# #..###### .#
#.#........###.# #........
.#####.#.O......###.#####.#######
....###........###........#..8#
....####.##....##............_#
......O...................#..8#
....##########.##...###########
#.#.#<....####.##.###
#..............O@.#
..........#######.# #.........#
#.# #.#.......# #.# #.#########
##.###### #.#
########.......###.###### ..#
......................... #.#
#.##.##.........##.###### #....#
#.##.............# ###


You could see an ogre.

Vanquished Creatures
  The ghost of Daviar the Sneak, an amateur DgAs (D:3)
  An ice beast (D:5)
  3 centaurs (D:5)
  3 wights (D:7)
  A howler monkey (D:5)
  3 hounds
  An orc priest (D:5)
  A jelly (D:7)
  3 orc wizards
  Crazy Yiuf (D:5)
  3 iguanas (D:5)
  A worker ant zombie (D:5)
  A gnoll (D:1)
  3 adders
  An ooze (D:3)
  2 worms
  3 leopard geckos
  26 orcs
  6 giant cockroaches
  3 goblins
  6 hobgoblins
  A ball python (D:3)
  8 bats
  6 frilled lizards
  5 kobolds
  A quokka skeleton (D:5)
  5 rats
99 creatures vanquished.

Notes
Turn   | Place    | Note
-------+----------+-------------------------------------------
     0 | D:1      | inmateoo the Demigod Assassin began the quest for the Orb.
     0 | D:1      | Reached XP level 1. HP: 17/17 MP: 3/3
    67 | D:1      | Reached skill level 2 in Fighting
   664 | D:1      | Reached XP level 2. HP: 25/25 MP: 4/4
   784 | D:1      | Reached skill level 3 in Fighting
  1448 | D:2      | Reached XP level 3. HP: 18/31 MP: 5/5
  1681 | D:2      | Found a radiant altar of Vehumet.
  1962 | D:3      | Noticed Daviar's ghost (amateur DgAs)
  1987 | D:3      | Killed Daviar's ghost
  1987 | D:3      | Reached skill level 5 in Fighting
  1987 | D:3      | Reached XP level 4. HP: 32/42 MP: 6/6
  1987 | D:3      | Reached XP level 5. HP: 37/48 MP: 7/7
  2896 | D:3      | Found a hazy altar of Hepliaklqana.
  2898 | D:3      | Found a sparkling altar of Nemelex Xobeh.
  2982 | D:4      | Found an opulent altar of Gozag.
  3023 | D:4      | You fall through a shaft for 3 floors!
  3058 | D:7      | Reached skill level 6 in Fighting
  3058 | D:7      | Reached XP level 6. HP: 36/57 MP: 8/8
  3064 | D:7      | HP: 2/57 [wight/enchanted trident (13)]
  3362 | D:7      | Found an ornate altar of the Wu Jian Council.
  3365 | D:7      | Reached skill level 1 in Long Blades
  3398 | D:7      | Got a polished whip
  3399 | D:7      | Identified the cursed +3 whip of the Thirsty Dances {pain, Int+3} (You found it on level 7 of the Dungeon)
  3943 | D:5      | Entered Level 5 of the Dungeon
  4356 | D:5      | Reached XP level 7. HP: 63/64 MP: 9/9
  4507 | D:5      | Found a shattered altar of Ashenzari.
  4933 | D:5      | Reached skill level 7 in Fighting
  4977 | D:5      | Found a staircase to the Ecumenical Temple.
  5030 | D:5      | Found a runed door.
  5635 | D:5      | Noticed Crazy Yiuf
  5636 | D:5      | Found the +10 morningstar "Eos" {elec, Halo rElec}
  5712 | D:5      | Killed Crazy Yiuf
  5809 | D:4      | Reached skill level 1 in Maces & Flails
  5953 | D:4      | Found a snail-covered altar of Cheibriados.
  6322 | D:4      | Slain by an ogre

Skill      XL: |  1  2  3  4  5  6  7 |
---------------+----------------------+-----
Fighting       | 2 3 5 6 7 |  7.1
Long Blades    | 3 4 |  4.9
Maces & Flails | 1 |  1.2
Short Blades   | |  1.7
Throwing       | |  1.7
Dodging        | |  0.8
Stealth        | |  3.6

Action                   |  1- 3 |  4- 6 |  7- 9 || total
-------------------------+-------+-------+-------++-------
Melee: Dagger            |   142 |    50 |       ||   192
       Short sword       |       |    18 |       ||    18
       Falchion          |       |    18 |       ||    18
       Whip              |       |    94 |   171 ||   265
 Fire: Blowgun           |     7 |       |       ||     7
  Use: Scroll            |     6 |     3 |     2 ||    11
       Potion            |     2 |     2 |     1 ||     5
 Stab: Sleeping          |     5 |     4 |     1 ||    10
       Distracted        |       |     1 |       ||     1
  Eat: Chunk             |     3 |     5 |     5 ||    13
       Ration            |       |     1 |       ||     1
Armor: Ring mail         |    45 |    80 |    67 ||   192
       Robe              |     4 |       |       ||     4
Dodge: Dodged            |    74 |   104 |    85 ||   263
       Rpst.: Falchion   |       |     4 |       ||     4
